 Dungeon Crawl Stone Soup version 0.30.1-5-ged363bc7ee (webtiles) character file.

Game seed: 683309365668740126

1 ChiefBigBeans the Shield-Bearer (level 1, 0/18 HPs)
             Began as a Formicid Fighter on Sept 19, 2023.
             Slain by a kobold
             ... wielding a +0 dagger
              (2 damage)
             ... on level 1 of the Dungeon.
             The game lasted 00:01:59 (179 turns).

ChiefBigBeans the Shield-Bearer (Formicid Fighter)   Turns: 179, Time: 00:01:59

Health: 0/18       AC:  6    Str: 20    XL:     1   Next: 22%
Magic:  1/1        EV:  9    Int:  7    God:
Gold:   16         SH:  5    Dex: 13    Spells: 0/0 levels left

rFire   . . .        a - +0 rapier
rCold   . . .        c - +0 buckler
rNeg    . . .        b - +0 scale mail
rPois   .            (helmet unavailable)
rElec   .            (no cloak)
rCorr   .            (no gloves)
SInv    +            (no boots)
Will    .....        (no amulet) Stlth
                     (no ring)
HPRegen 0.23/turn    (no ring)
MPRegen 0.07/turn

%: no passive effects
@: no status effects
A: permanent stasis, dig shafts and tunnels, antennae 3, four strong arms
a: Dig, Shaft Self


You were on level 1 of the Dungeon.
You visited 1 branch of the dungeon, and saw 1 of its levels.

You collected 16 gold pieces.

Inventory:

Hand Weapons
 a - a +0 rapier (weapon)
Armour
 b - a +0 scale mail (worn)
 c - a +0 buckler (worn)
Scrolls
 e - a scroll of identify {unknown}
Potions
 d - a potion of might


   Skills:
 + Level 3.3 Fighting
 + Level 2.0 Short Blades
 + Level 3.3 Armour
 + Level 4.0 Shields


You couldn't memorise any spells.
You didn't know any spells.
Your spell library was empty.

Dungeon Overview and Level Annotations

Branches:
Dungeon (1/15)

Altars:


Innate Abilities, Weirdness & Mutations

You cannot be hasted, slowed, berserked, paralysed or teleported.
You can dig through walls and to a lower floor.
You have a pair of large antennae on your head. (SInv)
Your four strong arms can wield two-handed weapons with a shield.


Message History

The kobold barely misses you. The kobold hits you but does no damage.
The kobold hits you but does no damage. The kobold hits you with a +0 dagger.
* * * LOW HITPOINT WARNING * * *
You block the kobold's attack. The kobold closely misses you.
The kobold hits you but does no damage. The kobold hits you but does no damage.
The kobold hits you but does no damage. The kobold closely misses you.
The kobold hits you with a +0 dagger. The kobold hits you with a +0 dagger.
* * * LOW HITPOINT WARNING * * *
The kobold barely misses you. The kobold hits you but does no damage.
The kobold hits you but does no damage. The kobold barely misses you.
The kobold barely misses you. The kobold hits you but does no damage.
The kobold barely misses you. The kobold barely misses you.
The kobold hits you but does no damage. The kobold barely misses you.
The kobold completely misses you. The kobold hits you with a +0 dagger.
The kobold hits you but does no damage. The kobold hits you but does no damage.
The kobold hits you with a +0 dagger.
* * * LOW HITPOINT WARNING * * *
You block the kobold's attack. The kobold hits you with a +0 dagger.
* * * LOW HITPOINT WARNING * * *
The kobold hits you but does no damage. The kobold hits you but does no damage.
The kobold hits you but does no damage. The kobold hits you with a +0 dagger.
* * * LOW HITPOINT WARNING * * *
The kobold hits you with a +0 dagger.
You die...

#PP~ #.# ..# ###~P~[..#
#.# .##### P~~#####.#
#.# ..... P~P# #.# #.#
.... PP~# ###.# #.# ...
##.# #...####.# .$
##.###.....##>###g####.#
.........#......#K...!.#
#######.##.##.#.@#
#.##.##.##........
#....##.####..#...
####.##.. ..# ...#.# ##
...#.# ...#..


You could see a hobgoblin and a kobold.

Vanquished Creatures
  An endoplasm (D:1)
1 creature vanquished.

Notes
Turn   | Place    | Note
-------+----------+-------------------------------------------
     0 | D:1      | ChiefBigBeans the Formicid Fighter began the quest for the
                  | Orb.
     0 | D:1      | Reached XP level 1. HP: 18/18 MP: 1/1
   179 | D:1      | Slain by a kobold

Illustrated notes

Levels and vault maps discovered:
D:1:      psy_arrival_conway, layout_basic, serial_shops, shop, st_stairs_5

Action                     || total
---------------------------++-------
  Melee: Rapier            ||     2
 Armour: Scale mail        ||    46
  Dodge: Dodged            ||    38
  Block: Buckler           ||    23
